 Dungeon Crawl Stone Soup version 0.23.2-40-g277498a001 (webtiles) character file.

Game seed: 3354181890838157818

51 Martska the Chiller (level 3, -3/26 HPs)
             Began as a Merfolk Ice Elementalist on Oct 1, 2019.
             Slain by Robin
             ... wielding a +0 spear
              (7 damage)
             ... on level 2 of the Dungeon.
             The game lasted 00:07:25 (2264 turns).

Martska the Chiller (Merfolk Ice Elementalist)      Turns: 2264, Time: 00:07:25

Health: -3/26      AC:  2    Str:  8    XL:     3   Next: 83%
Magic:  0/6        EV: 14    Int: 14    God:
Gold:   83         SH:  0    Dex: 15    Spells: 0/6 levels left

rFire    + + .     SeeInvis .   k - +0 whip
rCold    . . .     Gourm    .   (no shield)
rNeg     . . .     Faith    .   a - +0 robe
rPois    .         Spirit   .   (no helmet)
rElec    .         Reflect  .   l - scarf {rC+ rF+}
rCorr    .         Harm     .   (no gloves)
MR       .....                  (no boots)
Stlth    ++........             (no amulet)
HPRegen  0.08/turn              i - ring of fire
MPRegen  0.10/turn              (no ring)

@: no status effects
A: change form in water, swift swim, stealthy swim
a: no special abilities


You were on level 2 of the Dungeon.
You were very hungry.

You visited 1 branch of the dungeon, and saw 2 of its levels.

You collected 83 gold pieces.

Inventory:

Hand Weapons
 k - a +0 whip (weapon)
Armour
 a - a +0 robe (worn)
 l - a scarf of resistance (worn)
Jewellery
 i - a ring of fire (left hand)
Scrolls
 h - a scroll of enchant armour {unknown}
Potions
 b - 2 potions of mutation {unknown}
 d - 2 potions of curing {unknown}
 e - a potion of might {unknown}
 f - a potion of degeneration {unknown}
 g - a potion of resistance {unknown}
 j - 2 potions of heal wounds {unknown}
Comestibles
 c - 3 rations


   Skills:
 * Level 1.4 Fighting
 * Level 3.6 Dodging
 + Level 2.5 Stealth
 + Level 2.3 Spellcasting
 - Level 0.7 Conjurations
 + Level 3.8 Ice Magic


You couldn't memorise any spells.
You knew the following spells:

 Your Spells              Type           Power        Failure   Level  Hunger
a - Freeze                Ice            ##..         4%          1    #......
b - Throw Frost           Conj/Ice       #.....       14%         2    ###....
c - Ozocubu's Armour      Chrm/Ice       #.......     32%         3    ###....

Your spell library contained the following spells:

 Spells                   Type           Power        Failure   Level  Hunger
 Throw Icicle             Conj/Ice       #.......     65%         4    #####..
 Summon Ice Beast         Ice/Summ       #.......     71%         4    #####..


Dungeon Overview and Level Annotations

Branches:
Dungeon (2/15)

Altars:

Annotations:
D:2 Robin


Message History

Confirm with . or Enter, or press ? or * to list all spells.
Aiming: Freeze (safe; 4% risk of failure)
Press: ? - help, Shift-Dir - straight line, f - goblin, p - Robin
Aim: a goblin, wielding a +1 hunting sling of velocity (unusually strong)
You freeze the goblin.
You kill the goblin!
Robin hits you with a +0 spear.
Casting: Freeze (safe; 4% risk of failure)
Confirm with . or Enter, or press ? or * to list all spells.
Aiming: Freeze (safe; 4% risk of failure)
Press: ? - help, Shift-Dir - straight line, f - Robin
Aim: Robin, wielding a +0 spear, wearing a +0 animal skin and wearing a +0 helmet (moderately wounded)
You freeze Robin.
Robin is heavily wounded.
Robin hits you with a +0 spear.
* * * LOW HITPOINT WARNING * * *
Robin misses you.
There is a stone staircase leading up here.
Robin hits you from afar with a +0 spear!
You die...

########### #.........#
#.#######.# #.#
#.############### #.#
#.#.........)...# ####.#
#..@..#########.# #....#
#....g#########.# #....#
#..)..))......#.#
#..(.#######..##########.#.####
#.............#..>........)....
#...#####.....#.....##.#.#.####
#...# #.....#............g...
#...# #.....#.#'#.......(....
#...#####.....#.#.#..g...(.....


You could see Robin.

Vanquished Creatures
  A worm (D:2)
  A dart slug (D:2)
  6 bats
  2 giant cockroaches (D:1)
  12 goblins
  5 hobgoblins
  4 jackals (D:1)
  A frilled lizard (D:1)
  4 kobolds
  6 rats
42 creatures vanquished.

Notes
Turn   | Place    | Note
-------+----------+-------------------------------------------
     0 | D:1      | Martska the Merfolk Ice Elementalist began the quest for
                  | the Orb.
     0 | D:1      | Reached XP level 1. HP: 13/13 MP: 3/3
   602 | D:1      | Reached XP level 2. HP: 15/19 MP: 5/5
  1037 | D:1      | Reached skill level 1 in Fighting
  1234 | D:2      | Reached XP level 3. HP: 26/26 MP: 4/6
  1430 | D:2      | Learned a level 2 spell: Throw Frost
  1434 | D:2      | Learned a level 3 spell: Ozocubu's Armour
  2017 | D:2      | Noticed Robin
  2264 | D:2      | Slain by Robin

Skill      XL: |  1  2 |
---------------+-------+-----
Dodging        | 3 |  3.6
Fighting       | 1 |  1.4
Stealth        | |  2.5
Spellcasting   | |  2.3
Conjurations   | |  0.7
Ice Magic      | |  3.8

Action                   || total
-------------------------++-------
Melee: Unarmed           ||     7
       Whip              ||    22
 Cast: Freeze            ||    58
       Throw Frost       ||     7
  Eat: Ration            ||     1
       Chunk             ||     1
Armor: Robe              ||    17
Dodge: Dodged            ||    76
